 Dungeon Crawl Stone Soup version 0.29-a0-323-g050149af67 (webtiles) character file.

Game seed: 8753601267067558545

7 spaghetti the Skirmisher (level 2, 24/25 HPs)
             Began as a Djinni Berserker on Apr 11, 2022.
             Was a Follower of Trog.
             Quit the game on level 1 of the Dungeon.
             The game lasted 00:00:18 (318 turns).

spaghetti the Skirmisher (Djinni Berserker)          Turns: 318, Time: 00:00:19

Health: 24/25      AC:  2    Str: 16    XL:     2   Next: 5%
Gold:   14         EV: 12    Int:  8    God:    Trog [*.....] SH:  0 Dex: 12

rFire   + + .      SeeInvis .   a - +0 falchion {long}
rCold   x . .      Faith    .   (no shield)
rNeg    . . .      Spirit   .   b - +0 animal skin
rPois   ∞          Reflect  .   (no helmet)
rElec   .          Harm     .   (no cloak)
rCorr   .          Rampage  .   (no gloves)
Will    .....                   (boots unavailable)
Stlth   ++........              (no amulet)
HPRegen 0.08/turn               (no ring)
MPRegen 0.00/turn               (no ring)

@: flying
A: sickness immunity, fire resistance 2, cold vulnerability 1, float, innate
caster, HP casting, extra vitality 1
a: Renounce Religion, Berserk


You were on level 1 of the Dungeon.
You worshipped Trog.
Trog was aware of your devotion.
You visited 1 branch of the dungeon, and saw 1 of its levels.

You collected 14 gold pieces.


Innate Abilities, Weirdness & Mutations

You are immune to sickness and miasma.
You are immune to poison.
Your flesh is very heat resistant. (rF++)
You are vulnerable to cold. (rC-)
You float through the air rather than walking.
You learn spells naturally, not from books.
Your magical power is your life essence.
You have superior vitality. (+4 MHP)


   Skills:
 - Level 3.0 Fighting
 - Level 2.6 Long Blades
 - Level 2.0 Armour
 - Level 2.1 Dodging
 + Level 1.3 Stealth


You had one spell level left.
You didn't know any spells.
Your spell library was empty.

Inventory:

Hand Weapons
 a - a +0 falchion (weapon) {long}
Armour
 b - a +0 animal skin (worn)
Scrolls
 c - a scroll of magic mapping {unknown}

Dungeon Overview and Level Annotations

Branches:
Dungeon (1/15)

Altars:

†# .# .### .# ...K# .#
.##.# ##+## .#
####.##.# ##...## ...
....##.###.....## ####
##.###.##.......##
######...##.#.........#
................@.....+
#........##.#.....[...#
#.###.#..##.##.......##
#.###.##.##.###.....##
#.##........###....##
#.##.........##.#+##
#.##..##.###.##.#
#.....##........#
####..######.###


There were no monsters in sight!


Message History

No target in view!
No target in view!
You see here a quokka corpse.
Key pressed, stopping explore.
You now have 4 gold pieces.
Key pressed, stopping explore.
A kobold comes into view. It is wielding a +0 short sword.
The kobold shouts!
You hit the kobold but do no damage. The kobold hits you but does no damage.
You closely miss the kobold.
A giant cockroach comes into view.
The kobold misses you.
You hit the kobold.
You kill the kobold!
Trog accepts your kill.
The giant cockroach bites you but does no damage.
You see here a +0 short sword {short}.
You barely miss the giant cockroach.
The giant cockroach waves its antennae.
The giant cockroach misses you.
You barely miss the giant cockroach. The giant cockroach barely misses you.
The giant cockroach bites you but does no damage.
You barely miss the giant cockroach.
The giant cockroach bites you but does no damage.
You hit the giant cockroach but do no damage.
The giant cockroach bites you. x2 😕 HP[-3]
You take 3 damage, and now have 17/20 hp.
You are too injured to fight recklessly!
You are too injured to fight recklessly!
You are too injured to fight recklessly!
You are too injured to fight recklessly!
A giant cockroach is nearby!
A giant cockroach is nearby!
A giant cockroach is nearby!
You are too injured to fight recklessly!
You hit the giant cockroach.
You kill the giant cockroach!
Trog accepts your kill.
You see here a giant cockroach corpse.
You start resting.
You see here a +0 short sword {short}.
Key pressed, stopping explore.
You now have 14 gold pieces (gained 10).
A goblin comes into view. It is wielding a +0 dagger. 😎 HP[+3]
Your hp is fully restored (20).
A goblin is nearby!
The goblin hits you with a +0 dagger.
You are too injured to fight recklessly!
You are too injured to fight recklessly!
A goblin is nearby! 😕 HP[-3]
You take 3 damage, and now have 17/20 hp.
You are too injured to fight recklessly!
You are too injured to fight recklessly!
You are too injured to fight recklessly!
You are too injured to fight recklessly!
A goblin is nearby!
A goblin is nearby!
You slash the goblin!
You kill the goblin!
Trog accepts your kill.
Your Stealth skill increases to level 1!
Things that are here:
a +0 dagger {short}; a goblin corpse You start resting. 😎 HP[+3]
Your hp is fully restored (20).
Key pressed, stopping explore.
Key pressed, stopping explore.
As you open the door, it creaks loudly!
No target in view!
There is an open door here.
An endoplasm comes into view.
An endoplasm is nearby!
An endoplasm is nearby!
The helpless endoplasm fails to defend itself.
You slash the endoplasm!
You kill the endoplasm!
Trog accepts your kill.
You have reached level 2! 😎 HP[+5]
You now have 25 max hp (+5).
Your hp is fully restored (25).
A ball python and a kobold come into view.
There are monsters nearby!
There are monsters nearby!
The ball python hisses angrily.
The ball python closely misses you. The ball python grabs you.
The ball python constricts you.
The ball python bites you but does no damage.
The ball python constricts you. 😕 HP[-1]
You take 1 damage, and now have 24/25 hp.
You slash the ball python!
You kill the ball python!
Trog accepts your kill.
You see here a ball python corpse.
Are you sure you want to abandon this character and quit the game? (Confirm with "yes".)

Skill      XL: |  1 |
---------------+----+-----
Stealth        | 1 |  1.3
Fighting       | |  3.0
Long Blades    | |  2.6
Armour         | |  2.0
Dodging        | |  2.1

Action                   || total
-------------------------++-------
Melee: Falchion          ||    13
 Stab: Sleeping          ||     1
Armor: Animal skin       ||     5
Dodge: Dodged            ||     5

Levels and vault maps discovered:
D:1:      nicolae_arrival_kraken_aquarium_a, layout_loops_corners, minivault_11,
          roderic_roman_lattice

Notes
Turn   | Place    | Note
-------+----------+-------------------------------------------
     0 | D:1      | spaghetti the Djinni Berserker began the quest for the Orb.
     0 | D:1      | Reached XP level 1. HP: 20/20 MP: 0/0
     0 | D:1      | Noticed a felid
     0 | D:1      | Noticed a gargoyle
     0 | D:1      | Noticed a human
     0 | D:1      | Noticed a formicid
     0 | D:1      | Noticed a kraken
     0 | D:1      | Noticed a human
     0 | D:1      | Noticed a spriggan
     0 | D:1      | Noticed a tengu
     0 | D:1      | Noticed a gargoyle
     0 | D:1      | Noticed a tengu
     0 | D:1      | Noticed a dwarf
     0 | D:1      | magus.rc [v1.9.6]
     5 | D:1      | Killed a human
     5 | D:1      | Killed a tengu
     5 | D:1      | Killed a felid
     6 | D:1      | Killed a human
     8 | D:1      | Killed a tengu
     8 | D:1      | Killed a gargoyle
    10 | D:1      | Killed a formicid
    11 | D:1      | Killed a dwarf
    11 | D:1      | Killed a spriggan
    11 | D:1      | Killed a gargoyle
   169 | D:1      | Reached skill level 1 in Stealth
   298 | D:1      | Reached XP level 2. HP: 25/25 MP: 0/0
   318 | D:1      | Quit the game

Vanquished Creatures
  An endoplasm (D:1)
  A giant cockroach (D:1)
  A goblin (D:1)
  A quokka (D:1)
  A ball python (D:1)
  A kobold (D:1)
6 creatures vanquished.

Vanquished Creatures (others)
  2 gargoyles (D:1)
  A formicid (D:1)
  A spriggan (D:1)
  2 humans (D:1)
  A dwarf (D:1)
  2 tengu (D:1)
  A felid (D:1)
  A gnoll (D:1)
  An orc (D:1)
  4 tentacles (D:1)
16 creatures vanquished.

Grand Total: 22 creatures vanquished

Table legend:
 A = Non-vault XP
 B = Vault XP
 C = Vault XP percentage of total XP
 D = Non-vault monster count
 E = Vault monster count
 F = Vault count percentage of total count
                 A         B        C        D         E       F
            +---------+---------+-------+---------+---------+-------
      Total |      10 |       0 |   0.0 |       6 |       0 |   0.0
            +---------+---------+-------+---------+---------+-------
        D:1 |      10 |       0 |   0.0 |       6 |       0 |   0.0
            +---------+---------+-------+---------+---------+-------

Illustrated notes

Table legend:
 A = Kills in this place as a percentage of kills in entire the game.
 B = Kills by you in this place as a percentage of kills by you in the entire game.
 C = Kills by friends in this place as a percentage of kills by friends in the entire game.
 D = Other kills in this place as a percentage of other kills in the entire game.
 E = Experience gained in this place as a percentage of experience gained in the entire game.
 F = Experience gained in this place divided by the number of levels of this place that you have seen.
                   A       B       C       D       E      F
               +-------+-------+-------+-------+-------+----------------------
         Total | 100.0 | 100.0 |   N/A |   N/A | 100.0 |  10.0
       Dungeon | 100.0 | 100.0 |   N/A |   N/A | 100.0 |  10.0
               +-------+-------+-------+-------+-------+----------------------

Table legend: (Time is in decaauts)
 A = Elapsed time spent in this place.
 B = Non-inter-level travel time spent in this place.
 C = Inter-level travel time spent in this place.
 D = Time resting spent in this place.
 E = Time spent auto-exploring this place.
 F = Levels seen in this place.
 G = Mean time per level.
                   A        B        C        D        E       F      G
               +--------+--------+--------+--------+--------+-----+--------+
         Total |    320 |    320 |      0 |     78 |    199 |   1 |  320.0 |
       Dungeon |    320 |    320 |      0 |     78 |    199 |   1 |  320.0 |
               +--------+--------+--------+--------+--------+-----+--------+

Top non-repeatable levels by time:
     D:1: 320 daAuts
